2514 views
Uploaded 2022-03-20 22:12:44
Game version 1.32.10
32:50 long 1on1on1on1 ladder game on (8)TwilightRuins_LV
Saved by IIlIIlIllIII
2514 views
Uploaded 2022-03-20 22:12:44
Game version 1.32.10
32:50 long 1on1on1on1 ladder game on (8)TwilightRuins_LV

54 units @ 7.7k
/ 1k
49 buildings @ 7.9k
/ 3.7k



| Healing Salve | 5 | 500 |
| Scroll of Speed | 1 | 50 |
| Tiny Great Hall | 2 | 1200 |
| Orb of Lightning | 1 | 375 |
| Potion of Healing | 1 | 150 |
| Lesser Clarity Potion | 6 | 420 |
| Potion of Mana | 8 | 1600 |
| Scroll of Town Portal | 7 | 2450 |
| Scroll of Healing | 2 | 500 |
| Staff of Teleportation | 1 | 150 |
| Boots of Speed | 3 | 750 |
| Potion of Lesser Invulnerability | 2 | 300 |
| Periapt of Vitality | 3 | 975 |
| Scroll of Protection | 1 | 150 |
| Potion of Greater Mana | 1 | 400 |
| Pendant of Energy | 1 | 300 |
| Legion Doom-Horn | 1 | 500 |
| Ring of Protection +4 | 1 | 300 |
| Stone Token | 1 | 550 |
| Claws of Attack +9 | 1 | 300 |
| total: | 49 | 11920g |
| Peon | 27 | 2025 | / | 0 |
| Grunt | 3 | 600 | / | 0 |
| Spirit Walker | 4 | 780 | / | 140 |
| Shaman | 6 | 780 | / | 120 |
| Tauren | 3 | 840 | / | 240 |
| Kodo Beast | 1 | 255 | / | 60 |
| Wind Rider | 5 | 1325 | / | 200 |
| Troll Witch Doctor | 2 | 290 | / | 50 |
| Raider | 1 | 180 | / | 40 |
| Goblin Shredder | 1 | 375 | / | 100 |
| Goblin Zeppelin | 1 | 240 | / | 60 |
| total: | 54 | 7690g | / | 1010w |
| Watch Tower | 14 | 1540 | / | 1120 |
| Altar of Storms | 1 | 180 | / | 50 |
| Orc Burrow | 14 | 2240 | / | 560 |
| Barracks | 1 | 180 | / | 50 |
| Voodoo Lounge | 6 | 780 | / | 180 |
| Great Hall | 4 | 1540 | / | 740 |
| War Mill | 2 | 410 | / | 0 |
| Beastiary | 3 | 435 | / | 420 |
| Tauren Totem | 1 | 135 | / | 155 |
| Spirit Lodge | 3 | 450 | / | 450 |
| Stronghold | 2 | 630 | / | 380 |
| Fortress | 1 | 325 | / | 190 |
| total: | 49 | 7890g | / | 3725w |
| 0:02 | Peon |
| 0:03 | Altar of Storms |
| 0:18 | Orc Burrow |
| 0:18 | Peon |
| 0:34 | Barracks |
| 0:35 | Peon |
| 0:35 | Peon |
| 0:35 | Peon |
| 0:35 | Peon |
| 0:43 | Peon |
| 1:04 | Peon |
| 1:20 | Peon |
| 1:22 | Voodoo Lounge |
| 1:29 | Voodoo Lounge |
| 1:35 | Grunt |
| 1:42 | Peon |
| 1:59 | Peon |
| 2:04 | Wind Walk |
| 2:22 | Stronghold |
| 2:36 | Orc Burrow |
| 2:46 | Healing Salve |
| 2:48 | Scroll of Speed |
| 3:19 | Healing Salve |
| 3:25 | Orc Burrow |
| 3:27 | Grunt |
| 3:54 | Critical Strike |
| 3:59 | Grunt |
| 4:45 | Fortress |
| 5:29 | Great Hall |
| 5:30 | Wind Walk |
| 5:44 | Hex |
| 5:52 | Healing Salve |
| 6:16 | Healing Salve |
| 6:37 | War Mill |
| 7:00 | Beastiary |
| 7:37 | Goblin Shredder |
| 7:52 | Reinforced Defenses |
| 8:08 | Endurance Aura |
| 8:15 | Peon |
| 8:17 | Healing Wave |
| 8:37 | Tiny Great Hall |
| 8:47 | Peon |
| 8:55 | Staff of Teleportation |
| 9:25 | Tauren Totem |
| 9:34 | Peon |
| 9:37 | Peon |
| 9:38 | Peon |
| 10:05 | Spirit Lodge |
| 10:09 | Steel Armor |
| 10:11 | Critical Strike |
| 10:15 | Potion of Greater Mana |
| 10:18 | Pendant of Energy |
| 10:25 | Pillage |
| 10:28 | Ensnare |
| 10:31 | Peon |
| 10:32 | Peon |
| 10:41 | Spirit Walker |
| 10:42 | Spirit Walker Adept Training |
| 10:45 | Orb of Lightning |
| 10:47 | Tiny Great Hall |
| 10:59 | Orc Burrow |
| 11:09 | War Stomp |
| 11:19 | Shaman |
| 11:19 | Shaman |
| 11:20 | Shaman Adept Training |
| 11:22 | Spirit Walker |
| 11:23 | Thorium Armor |
| 11:28 | Peon |
| 11:37 | Peon |
| 11:37 | Peon |
| 11:49 | Berserker Strength |
| 11:55 | Orc Burrow |
| 11:56 | Healing Wave |
| 12:34 | Tauren |
| 12:43 | Kodo Beast |
| 12:46 | Peon |
| 12:47 | Peon |
| 12:48 | Arcanite Armor |
| 13:04 | Potion of Healing |
| 13:08 | Scroll of Town Portal |
| 13:08 | Lesser Clarity Potion |
| 13:09 | Potion of Mana |
| 13:16 | War Drums Damage Increase |
| 13:22 | Tauren |
| 13:26 | Shaman Master Training |
| 13:29 | Voodoo Lounge |
| 13:37 | Legion Doom-Horn |
| 13:38 | Ring of Protection +4 |
| 13:58 | Wind Rider |
| 14:11 | Spirit Walker Master Training |
| 14:23 | Spirit Walker |
| 14:27 | Shaman |
| 14:31 | Peon |
| 14:35 | Boots of Speed |
| 14:37 | Potion of Lesser Invulnerability |
| 14:43 | Periapt of Vitality |
| 14:47 | Boots of Speed |
| 14:53 | War Stomp |
| 15:00 | Orc Burrow |
| 15:09 | Backpack |
| 15:10 | Steel Ranged Weapons |
| 15:13 | Voodoo Lounge |
| 15:15 | Voodoo Lounge |
| 15:25 | Troll Regeneration |
| 15:28 | Witch Doctor Adept Training |
| 15:29 | Spirit Lodge |
| 15:31 | Beastiary |
| 16:03 | Beastiary |
| 16:19 | Hex |
| 16:25 | Pulverize |
| 16:27 | Thorium Ranged Weapons |
| 16:31 | Witch Doctor Master Training |
| 16:50 | Envenomed Spears |
| 16:53 | Spirit Lodge |
| 17:02 | Goblin Zeppelin |
| 17:11 | Watch Tower |
| 17:18 | Scroll of Town Portal |
| 17:22 | Lesser Clarity Potion |
| 17:24 | Potion of Mana |
| 17:24 | Potion of Mana |
| 17:30 | War Mill |
| 18:25 | Wind Rider |
| 18:32 | Shaman |
| 18:33 | Troll Witch Doctor |
| 18:36 | Wind Walk |
| 18:38 | Arcanite Ranged Weapons |
| 18:44 | Berserker Upgrade |
| 18:45 | Spiked Barricades |
| 19:01 | Watch Tower |
| 19:02 | Wind Rider |
| 19:05 | Watch Tower |
| 19:06 | Watch Tower |
| 19:07 | Watch Tower |
| 19:12 | Boots of Speed |
| 19:13 | Periapt of Vitality |
| 19:14 | Potion of Lesser Invulnerability |
| 19:27 | Watch Tower |
| 19:38 | Wind Rider |
| 19:38 | Wind Rider |
| 19:42 | Lesser Clarity Potion |
| 19:47 | Watch Tower |
| 19:54 | Improved Spiked Barricades |
| 20:01 | Potion of Mana |
| 20:05 | Voodoo Lounge |
| 20:14 | Lesser Clarity Potion |
| 20:15 | Potion of Mana |
| 20:27 | Stone Token |
| 20:34 | Claws of Attack +9 |
| 20:42 | Raider |
| 20:45 | Steel Melee Weapons |
| 21:06 | Scroll of Town Portal |
| 21:54 | Thorium Melee Weapons |
| 21:56 | Watch Tower |
| 22:08 | Endurance Aura |
| 22:46 | Healing Wave |
| 22:59 | Scroll of Town Portal |
| 23:08 | Great Hall |
| 23:09 | Watch Tower |
| 23:10 | Watch Tower |
| 23:11 | Watch Tower |
| 23:11 | Watch Tower |
| 23:24 | Tauren |
| 23:27 | Shaman |
| 23:31 | Orc Burrow |
| 23:34 | Potion of Mana |
| 23:38 | Lesser Clarity Potion |
| 24:40 | Great Hall |
| 24:44 | Bladestorm |
| 24:46 | War Stomp |
| 24:50 | Peon |
| 25:07 | Shaman |
| 25:08 | Spirit Walker |
| 25:14 | Scroll of Town Portal |
| 25:14 | Scroll of Healing |
| 25:15 | Periapt of Vitality |
| 26:17 | Orc Burrow |
| 26:17 | Watch Tower |
| 26:39 | Big Bad Voodoo |
| 26:51 | Peon |
| 27:27 | Great Hall |
| 27:41 | Troll Witch Doctor |
| 27:45 | Orc Burrow |
| 27:46 | Watch Tower |
| 27:56 | Lesser Clarity Potion |
| 27:59 | Potion of Mana |
| 27:59 | Potion of Mana |
| 28:03 | Healing Salve |
| 28:05 | Scroll of Town Portal |
| 29:32 | Peon |
| 30:24 | Reincarnation |
| 30:49 | Critical Strike |
| 31:19 | Stronghold |
| 31:23 | Orc Burrow |
| 31:24 | Orc Burrow |
| 31:31 | Orc Burrow |
| 31:33 | Orc Burrow |
| 31:35 | Orc Burrow |
| 31:55 | Scroll of Town Portal |
| 31:56 | Scroll of Healing |
| 31:56 | Scroll of Protection |
| Select group | 2315 |
| Right click | 1645 |
| Select | 862 |
| Chat | 528 |
| Misc. action | 502 |
| Build/train/purchase | 258 |
| Assign group | 244 |
| Use ability | 185 |
| Item give/drop | 29 |
| Esc | 7 |
69 units @ 9.1k
/ 1.3k
39 buildings @ 4.6k
/ 2.2k



| Staff of Sanctuary | 1 | 250 |
| Orb of Fire | 2 | 650 |
| Lesser Clarity Potion | 1 | 70 |
| Scroll of Regeneration | 2 | 200 |
| Scroll of Town Portal | 3 | 1050 |
| Boots of Speed | 2 | 500 |
| Potion of Lesser Invulnerability | 3 | 450 |
| Medallion of Courage | 1 | 500 |
| total: | 15 | 3670g |
| Peasant | 29 | 2175 | / | 0 |
| Rifleman | 15 | 3075 | / | 450 |
| Priest | 4 | 540 | / | 40 |
| Spell Breaker | 6 | 1290 | / | 180 |
| Siege Engine | 3 | 585 | / | 180 |
| Flying Machine | 11 | 1100 | / | 330 |
| Goblin Shredder | 1 | 375 | / | 100 |
| total: | 69 | 9140g | / | 1280w |
| Scout Tower | 10 | 300 | / | 200 |
| Guard Tower | 3 | 210 | / | 150 |
| Arcane Tower | 4 | 280 | / | 200 |
| Farm | 13 | 1040 | / | 260 |
| Altar of Kings | 1 | 180 | / | 50 |
| Blacksmith | 3 | 420 | / | 180 |
| Barracks | 2 | 320 | / | 120 |
| Lumber Mill | 1 | 120 | / | 0 |
| Arcane Vault | 1 | 130 | / | 30 |
| Town Hall | 4 | 1540 | / | 820 |
| Arcane Sanctum | 2 | 300 | / | 280 |
| Workshop | 2 | 280 | / | 280 |
| Keep | 1 | 320 | / | 210 |
| Castle | 1 | 360 | / | 210 |
| total: | 39 | 4630g | / | 2220w |
| 0:11 | Peasant |
| 0:12 | Peasant |
| 0:12 | Peasant |
| 0:12 | Peasant |
| 0:12 | Peasant |
| 0:12 | Peasant |
| 0:12 | Peasant |
| 0:12 | Peasant |
| 0:12 | Peasant |
| 0:12 | Peasant |
| 0:12 | Peasant |
| 0:56 | Farm |
| 0:58 | Altar of Kings |
| 1:07 | Peasant |
| 1:08 | Peasant |
| 1:08 | Peasant |
| 1:08 | Peasant |
| 1:08 | Peasant |
| 1:08 | Peasant |
| 1:27 | Blacksmith |
| 1:34 | Blacksmith |
| 1:36 | Barracks |
| 1:43 | Lumber Mill |
| 1:52 | Farm |
| 2:06 | Farm |
| 2:27 | Farm |
| 2:37 | Scout Tower |
| 2:49 | Improved Lumber Harvesting |
| 2:52 | Rifleman |
| 3:02 | Storm Bolt |
| 3:16 | Rifleman |
| 3:18 | Rifleman |
| 3:18 | Rifleman |
| 3:18 | Rifleman |
| 3:18 | Rifleman |
| 3:39 | Keep |
| 3:51 | Rifleman |
| 4:02 | Arcane Vault |
| 4:22 | Rifleman |
| 5:16 | Farm |
| 5:23 | Thunder Clap |
| 5:40 | Goblin Shredder |
| 5:48 | Farm |
| 6:32 | Farm |
| 6:34 | Farm |
| 6:45 | Storm Bolt |
| 6:58 | Town Hall |
| 7:15 | Long Rifles |
| 7:39 | Holy Light |
| 7:49 | Boots of Speed |
| 8:06 | Guard Tower |
| 8:21 | Castle |
| 8:41 | Rifleman |
| 8:42 | Rifleman |
| 8:46 | Arcane Sanctum |
| 9:06 | Town Hall |
| 9:27 | Black Gunpowder |
| 9:28 | Studded Leather Armor |
| 9:29 | Improved Masonry |
| 9:49 | Divine Shield |
| 9:53 | Thunder Clap |
| 10:01 | Farm |
| 10:45 | Scout Tower |
| 10:49 | Advanced Masonry |
| 10:52 | Priest |
| 10:52 | Priest |
| 10:52 | Priest |
| 10:52 | Priest |
| 10:57 | Arcane Sanctum |
| 11:11 | Guard Tower |
| 11:13 | Barracks |
| 11:25 | Holy Light |
| 11:46 | Scroll of Town Portal |
| 11:46 | Staff of Sanctuary |
| 11:46 | Orb of Fire |
| 11:49 | Lesser Clarity Potion |
| 11:50 | Summon Water Elemental |
| 12:01 | Scout Tower |
| 12:03 | Scout Tower |
| 12:04 | Refined Gunpowder |
| 12:05 | Reinforced Leather Armor |
| 12:05 | Iron Plating |
| 12:06 | Iron Forged Swords |
| 12:08 | Scout Tower |
| 12:38 | Farm |
| 12:39 | Animal War Training |
| 12:41 | Arcane Tower |
| 12:43 | Scout Tower |
| 13:06 | Arcane Tower |
| 13:10 | Magic Sentry |
| 13:12 | Priest Adept Training |
| 13:22 | Guard Tower |
| 13:32 | Spell Breaker |
| 13:32 | Control Magic |
| 14:16 | Spell Breaker |
| 14:16 | Spell Breaker |
| 14:24 | Boots of Speed |
| 14:30 | Potion of Lesser Invulnerability |
| 14:37 | Brilliance Aura |
| 14:48 | Spell Breaker |
| 15:02 | Imbued Masonry |
| 15:21 | Storm Bolt |
| 15:34 | Divine Shield |
| 15:40 | Steel Plating |
| 15:44 | Blacksmith |
| 15:46 | Priest Master Training |
| 16:32 | Scout Tower |
| 16:32 | Scout Tower |
| 16:33 | Scout Tower |
| 16:33 | Scout Tower |
| 16:39 | Spell Breaker |
| 16:49 | Scroll of Regeneration |
| 17:04 | Arcane Tower |
| 17:06 | Arcane Tower |
| 17:13 | Spell Breaker |
| 17:16 | Rifleman |
| 17:23 | Peasant |
| 17:23 | Peasant |
| 17:23 | Peasant |
| 17:24 | Peasant |
| 18:32 | Town Hall |
| 18:37 | Summon Water Elemental |
| 18:49 | Rifleman |
| 18:58 | Imbued Gunpowder |
| 19:52 | Scroll of Town Portal |
| 19:53 | Potion of Lesser Invulnerability |
| 20:09 | Peasant |
| 20:09 | Peasant |
| 20:09 | Peasant |
| 20:09 | Peasant |
| 20:44 | Rifleman |
| 20:53 | Medallion of Courage |
| 21:15 | Peasant |
| 21:17 | Dragonhide Armor |
| 21:18 | Mithril Plating |
| 21:57 | Town Hall |
| 22:48 | Workshop |
| 24:36 | Barrage |
| 24:37 | Siege Engine |
| 24:49 | Workshop |
| 24:53 | Flak Cannons |
| 25:19 | Steel Forged Swords |
| 25:42 | Farm |
| 25:45 | Farm |
| 25:54 | Siege Engine |
| 25:56 | Farm |
| 26:06 | Scroll of Town Portal |
| 26:07 | Orb of Fire |
| 26:19 | Rifleman |
| 26:19 | Rifleman |
| 26:41 | Flying Machine |
| 26:42 | Flying Machine |
| 26:42 | Flying Machine |
| 26:42 | Flying Machine |
| 26:42 | Flying Machine |
| 26:42 | Flying Machine |
| 26:42 | Flying Machine |
| 26:42 | Flying Machine |
| 26:42 | Flying Machine |
| 26:42 | Flying Machine |
| 26:42 | Flying Machine |
| 27:15 | Potion of Lesser Invulnerability |
| 28:02 | Siege Engine |
| 28:24 | Peasant |
| 28:25 | Peasant |
| 28:25 | Peasant |
| 31:41 | Scroll of Regeneration |
| Select | 644 |
| Right click | 547 |
| Select group | 425 |
| Build/train/purchase | 204 |
| Misc. action | 196 |
| Use ability | 57 |
| Assign group | 33 |
| Item give/drop | 10 |
| Remove unit | 3 |
| Esc | 2 |
51 units @ 7.7k
/ 1.1k
45 buildings @ 6.1k
/ 3.2k



| Mechanical Critter | 2 | 100 |
| Scroll of Regeneration | 1 | 100 |
| Potion of Healing | 1 | 150 |
| Scroll of Town Portal | 3 | 1050 |
| Potion of Lesser Invulnerability | 1 | 150 |
| Potion of Invulnerability | 2 | 800 |
| Legion Doom-Horn | 1 | 500 |
| Cloak of Flames | 1 | 500 |
| Claws of Attack +12 | 1 | 500 |
| Ancient Janggo of Endurance | 1 | 500 |
| Talisman of Evasion | 1 | 300 |
| total: | 15 | 4650g |
| Peasant | 15 | 1125 | / | 0 |
| Rifleman | 8 | 1640 | / | 240 |
| Priest | 6 | 810 | / | 60 |
| Knight | 3 | 735 | / | 180 |
| Spell Breaker | 5 | 1075 | / | 150 |
| Flying Machine | 5 | 500 | / | 150 |
| Sorceress | 3 | 465 | / | 60 |
| Dragonhawk Rider | 5 | 1000 | / | 150 |
| Goblin Shredder | 1 | 375 | / | 100 |
| total: | 51 | 7725g | / | 1090w |
| Scout Tower | 9 | 270 | / | 180 |
| Arcane Tower | 3 | 210 | / | 150 |
| Guard Tower | 4 | 280 | / | 200 |
| Farm | 16 | 1280 | / | 320 |
| Altar of Kings | 1 | 180 | / | 50 |
| Blacksmith | 1 | 140 | / | 60 |
| Barracks | 2 | 320 | / | 120 |
| Arcane Vault | 1 | 130 | / | 30 |
| Town Hall | 7 | 2695 | / | 1435 |
| Lumber Mill | 1 | 120 | / | 0 |
| Arcane Sanctum | 3 | 450 | / | 420 |
| Workshop | 2 | 280 | / | 280 |
| Gryphon Aviary | 2 | 280 | / | 300 |
| Keep | 1 | 320 | / | 210 |
| Castle | 1 | 360 | / | 210 |
| total: | 45 | 6145g | / | 3195w |
| 0:14 | Peasant |
| 0:15 | Peasant |
| 0:21 | Peasant |
| 0:28 | Peasant |
| 0:28 | Peasant |
| 0:30 | Farm |
| 0:36 | Altar of Kings |
| 0:56 | Peasant |
| 1:01 | Peasant |
| 1:10 | Peasant |
| 1:16 | Farm |
| 1:39 | Peasant |
| 1:46 | Peasant |
| 1:59 | Blacksmith |
| 2:02 | Peasant |
| 2:16 | Peasant |
| 2:23 | Barracks |
| 2:28 | Farm |
| 2:31 | Farm |
| 2:46 | Scout Tower |
| 2:51 | Breath of Fire |
| 2:53 | Farm |
| 2:59 | Peasant |
| 3:12 | Peasant |
| 3:17 | Arcane Vault |
| 3:29 | Rifleman |
| 3:45 | Arcane Tower |
| 3:58 | Rifleman |
| 4:15 | Rifleman |
| 4:39 | Rifleman |
| 4:43 | Drunken Haze |
| 5:00 | Peasant |
| 5:09 | Rifleman |
| 5:14 | Farm |
| 6:05 | Breath of Fire |
| 6:14 | Town Hall |
| 6:19 | Scout Tower |
| 6:36 | Goblin Shredder |
| 6:50 | Keep |
| 7:01 | Arcane Tower |
| 7:17 | Mechanical Critter |
| 7:21 | Mechanical Critter |
| 7:25 | Scroll of Regeneration |
| 7:31 | Farm |
| 7:33 | Farm |
| 7:53 | Drunken Haze |
| 8:10 | Potion of Invulnerability |
| 8:26 | Farm |
| 8:27 | Farm |
| 8:39 | Black Gunpowder |
| 8:39 | Studded Leather Armor |
| 8:42 | Lumber Mill |
| 9:12 | Long Rifles |
| 9:24 | Backpack |
| 9:27 | Arcane Sanctum |
| 9:29 | Arcane Sanctum |
| 9:39 | Castle |
| 9:49 | Town Hall |
| 9:58 | Farm |
| 10:06 | Arcane Sanctum |
| 10:08 | Barracks |
| 10:10 | Brilliance Aura |
| 10:38 | Improved Masonry |
| 10:39 | Priest |
| 10:40 | Priest Adept Training |
| 10:40 | Magic Sentry |
| 10:58 | Sorceress Adept Training |
| 10:58 | Control Magic |
| 11:02 | Farm |
| 11:11 | Refined Gunpowder |
| 11:11 | Reinforced Leather Armor |
| 11:41 | Farm |
| 11:43 | Farm |
| 11:48 | Advanced Masonry |
| 11:50 | Workshop |
| 12:14 | Knight |
| 12:31 | Spell Breaker |
| 12:38 | Breath of Fire |
| 12:41 | Priest |
| 12:50 | Animal War Training |
| 12:52 | Flying Machine |
| 12:56 | Knight |
| 13:11 | Holy Light |
| 13:27 | Flak Cannons |
| 13:30 | Brilliance Aura |
| 13:46 | Iron Forged Swords |
| 13:50 | Sorceress |
| 13:51 | Priest Master Training |
| 14:00 | Farm |
| 14:14 | Fragmentation Shards |
| 14:27 | Sorceress Master Training |
| 14:54 | Divine Shield |
| 15:38 | Barrage |
| 15:38 | Flare |
| 15:39 | Workshop |
| 15:44 | Town Hall |
| 16:26 | Legion Doom-Horn |
| 16:33 | Cloak of Flames |
| 16:43 | Claws of Attack +12 |
| 16:56 | Imbued Masonry |
| 17:19 | Scroll of Town Portal |
| 17:30 | Potion of Lesser Invulnerability |
| 17:58 | Iron Plating |
| 17:58 | Steel Forged Swords |
| 18:09 | Holy Light |
| 18:28 | Ancient Janggo of Endurance |
| 18:55 | Improved Lumber Harvesting |
| 18:58 | Imbued Gunpowder |
| 19:02 | Town Hall |
| 19:15 | Steel Plating |
| 19:30 | Farm |
| 20:25 | Talisman of Evasion |
| 20:42 | Flying Machine Bombs |
| 20:44 | Advanced Lumber Harvesting |
| 20:47 | Scout Tower |
| 20:47 | Scout Tower |
| 20:48 | Scout Tower |
| 20:50 | Scout Tower |
| 20:50 | Scout Tower |
| 20:51 | Scout Tower |
| 20:52 | Scout Tower |
| 21:32 | Guard Tower |
| 21:33 | Arcane Tower |
| 21:35 | Dragonhide Armor |
| 21:42 | Guard Tower |
| 21:45 | Guard Tower |
| 21:57 | Mithril Forged Swords |
| 22:25 | Summon Water Elemental |
| 22:25 | Summon Water Elemental |
| 22:25 | Summon Water Elemental |
| 22:26 | Summon Water Elemental |
| 22:26 | Summon Water Elemental |
| 22:26 | Summon Water Elemental |
| 22:26 | Summon Water Elemental |
| 22:39 | Rifleman |
| 22:48 | Flying Machine |
| 23:10 | Gryphon Aviary |
| 23:11 | Gryphon Aviary |
| 23:12 | Spell Breaker |
| 23:13 | Priest |
| 23:14 | Rifleman |
| 23:20 | Guard Tower |
| 23:28 | Potion of Healing |
| 23:30 | Scroll of Town Portal |
| 23:38 | Flying Machine |
| 24:23 | Flying Machine |
| 24:28 | Spell Breaker |
| 24:29 | Dragonhawk Rider |
| 24:31 | Dragonhawk Rider |
| 24:39 | Mithril Plating |
| 24:54 | Potion of Invulnerability |
| 25:07 | Dragonhawk Rider |
| 25:11 | Sorceress |
| 25:43 | Flying Machine |
| 25:48 | Dragonhawk Rider |
| 25:49 | Spell Breaker |
| 25:50 | Rifleman |
| 26:27 | Divine Shield |
| 26:30 | Dragonhawk Rider |
| 26:45 | Priest |
| 26:45 | Priest |
| 27:02 | Knight |
| 27:07 | Priest |
| 27:08 | Sorceress |
| 27:21 | Scroll of Town Portal |
| 27:28 | Cloud |
| 27:32 | Spell Breaker |
| 27:35 | Town Hall |
| 27:39 | Town Hall |
| 28:45 | Summon Water Elemental |
| 31:02 | Town Hall |
| Select group | 2518 |
| Right click | 830 |
| Misc. action | 749 |
| Select | 552 |
| Build/train/purchase | 188 |
| Chat | 159 |
| Use ability | 96 |
| Assign group | 70 |
| Item give/drop | 21 |